 Dungeon Crawl Stone Soup version 0.13-a0-3016-gcb2faac (webtiles) character file.

309 PolkaDot the Stinger (level 5, -3/35 HPs)
             Began as a Vampire Venom Mage on Sept 11, 2013.
             Killed from afar by Sigmund (5 damage)
             ... with a puff of flame
             ... on Level 3 of the Dungeon.
             The game lasted 00:09:31 (2061 turns).

PolkaDot the Stinger (Vampire Venom Mage)           Turns: 2061, Time: 00:09:31

HP  -3/35        AC  3     Str  7      XL: 5   Next: 11%
MP   1/11        EV 12     Int 18      God:
Gold 158         SH  0     Dex 14      Spells:  3 memorised,  2 levels left

Res.Fire  : . . .   See Invis. : +   h - +1 short sword
Res.Cold  : . . .   Warding    : .   e - +0 robe (curse)
Life Prot.: . . .   Conserve   : .   (no shield)
Res.Poison: .       Res.Corr.  : .   (no helmet)
Res.Elec. : .       Clarity    : .   (no cloak)
Sust.Abil.: . .     Spirit.Shd : .   k - +0 pair of elf gauntlets
Res.Mut.  : .       Stasis     : .   (no boots)
Res.Rott. : .       Flight     : .   (no amulet)
Saprovore : . . .                    (no ring)
                                     (no ring)

@: regenerating very quickly, quite poisoned, slightly resistant to hostile
enchantments, stealthy
A: fangs 3, see invisible, unbreathing
a: no special abilities


You were on level 3 of the Dungeon.
You were almost alive.

You visited 1 branch of the dungeon, and saw 3 of its levels.

You collected 138 gold pieces.

Inventory:

Hand weapons
 h - a +1,+1 short sword (weapon)
Armour
 e - a cursed +0 robe (worn)
 k - a +0 pair of elven gauntlets (worn)
Scrolls
 d - a scroll of enchant weapon I {unknown}
 i - 3 scrolls of identify {unknown}
 l - a scroll of remove curse {unknown}
 m - a scroll of curse jewellery {unknown}
 n - a scroll of enchant weapon II {unknown}
Potions
 a - a potion of speed {unknown}
 f - a potion of degeneration {unknown}
 g - a potion of curing {unknown}
 j - a potion of porridge {unknown}
 o - a potion of heal wounds {unknown}
 p - a potion of resistance {unknown}
Books
 b - a Young Poisoner's Handbook

   Spells                             Type                      Level
   *Sting                             Conjuration/Poison           1
   *Cure Poison                       Poison                       2
   Mephitic Cloud                     Conjuration/Poison/Air       3
   *Olgreb's Toxic Radiance           Poison                       4
   Venom Bolt                         Conjuration/Poison           5


   Skills:
 - Level 2.1 Dodging
 - Level 3.0 Stealth
 + Level 2.5 Spellcasting
 * Level 5.2 Poison Magic


You had 2 spell levels left.
You knew the following spells:

 Your Spells              Type           Power        Failure   Level  Hunger
a - Sting                 Conj/Pois      ##..         8%          1    #......
q - Cure Poison           Pois           ###.......   3%          2    ##.....
s - Olgreb's Toxic Radia  Pois           ###.....     24%         4    #####..


Dungeon Overview and Level Annotations

Branches:
Dungeon (3/27)

Altars:

Annotations:
D:3 Sigmund


Innate Abilities, Weirdness & Mutations

Your natural rate of healing is extremely fast.
You have razor-sharp teeth.*
You have supernaturally acute eyesight.
You can survive without breathing.*


Message History

Sigmund hits you but does no damage.
You closely miss Sigmund.
Sigmund is moderately wounded.
You feel sick.
You feel a little better.
You kill the orc wizard!
You have reached level 5!
Sigmund hits you with a runed scythe!
* * * LOW HITPOINT WARNING * * *
Drink which item? (? for menu, Esc to quit)
Okay, then.
If it's blood you're after, try e.
* * * LOW HITPOINT WARNING * * *
You feel sick.
* * * LOW HITPOINT WARNING * * *
You feel sick. Sigmund gestures at you while chanting.
The puff of flame hits you!
One of your 2 scrolls labeled GEGUEK IRUR catches fire!
You die...

#.# #.# #.#
#............ #.#
#.# #.#
#.####....... #.#
#.# #.# #.# ...)...
#.#
##.###.#####.....#
#.#
#................#
..# #..###.#####....
# #..###.##### . #
#...........
#...#####@####.####.
#..).)@)..# #.#
#...####### #[# .
#.# ..#


You could see Sigmund.

Vanquished Creatures
  An orc wizard (D:3)
  4 adders (D:2)
  3 worms (D:2)
  4 orcs (D:3)
  2 ball pythons
  7 goblins
  6 hobgoblins
  14 jackals
  9 kobolds
  8 bats
  A giant cockroach (D:1)
  A giant newt (D:1)
  A quokka (D:2)
  5 rats
66 creatures vanquished.

Notes
Turn   | Place    | Note
--------------------------------------------------------------
     0 | D:1      | PolkaDot, the Vampire Venom Mage, began the quest for the Orb.
     0 | D:1      | Reached XP level 1. HP: 13/13 MP: 4/4
   323 | D:1      | Reached XP level 2. HP: 19/19 MP: 3/5
   474 | D:1      | Reached skill level 4 in Poison Magic
   520 | D:1      | Learned a level 2 spell: Cure Poison
   970 | D:1      | Reached XP level 3. HP: 24/24 MP: 7/7
  1494 | D:2      | Reached XP level 4. HP: 22/30 MP: 0/9
  1762 | D:2      | Learned a level 4 spell: Olgreb's Toxic Radiance
  1786 | D:2      | Reached skill level 5 in Poison Magic
  2047 | D:3      | Noticed Sigmund
  2059 | D:3      | Reached XP level 5. HP: 17/35 MP: 1/11
  2061 | D:3      | Killed from afar by Sigmund

Action                   |  1- 3 |  4- 6 || total
-------------------------+-------+-------++-------
Melee: Unarmed           |     6 |       ||     6
       Short sword       |    62 |    67 ||   129
 Cast: Sting             |    57 |     9 ||    66
       Olgreb's Toxic Ra |       |     2 ||     2
  Use: Potion            |       |     1 ||     1
 Stab: Sleeping          |       |     3 ||     3
